 Dungeon Crawl Stone Soup version 0.26.1-2-gb8aa6d0cf2 (webtiles) character file.

Game seed: 15194549100329192450

95949 axecop the Fighter (level 15, -1/126 HPs)
             Began as a Demonspawn Abyssal Knight on Mar 9, 2021.
             Was the Champion of Lugonu.
             Slain by an ettin
             ... wielding a +0 dire flail
              (16 damage)
             ... on level 2 of the Orcish Mines.
             The game lasted 00:35:29 (41275 turns).

axecop the Fighter (Demonspawn Abyssal Knight)     Turns: 41275, Time: 00:35:30

Health: -1/126     AC: 26    Str: 13    XL:     15   Next: 67%
Magic:  25/25      EV: 16    Int: 18    God:    Lugonu [******]
Gold:   2151       SH: 12    Dex: 14    Spells: 25/27 levels left

rFire    + . .     SeeInvis .   a - +3 double sword (vorpal)
rCold    . . .     Faith    .   N - +2 buckler
rNeg     . . .     Spirit   .   A - +1 swamp dragon scales
rPois    +         Reflect  +   (helmet restricted)
rElec    .         Harm     .   x - +2 cloak
rCorr    .         Rampage  .   U - +0 pair of gloves
Will     +....                  p - +2 pair of boots
Stlth    +.........             u - amulet of reflection
HPRegen  0.31/turn              O - ring of protection from fire
MPRegen  0.19/turn              H - +4 ring of protection

@: mighty, slowed, very slow
A: horns 2, rugged brown scales 2, demonic guardian 2, powered by pain 1
a: Renounce Religion, Depart the Abyss, Bend Space, Banish, Corrupt, Enter the
Abyss, Brand Weapon With Distortion


You were on level 2 of the Orcish Mines.
You worshipped Lugonu.
Lugonu was exalted by your worship.
You visited 3 branches of the dungeon, and saw 23 of its levels.
You visited the Abyss 1 time.

You collected 2503 gold pieces.
You spent 352 gold pieces at shops.

Inventory:

Hand Weapons
 a - a +3 vorpal double sword (weapon)
 b - a +4 scimitar of flaming
Missiles
 i - 522 stones
 v - 15 curare-tipped darts (quivered)
 z - 2 throwing nets
 E - 16 javelins
 L - 89 poisoned darts
Armour
 p - a +2 pair of boots (worn)
 x - a +2 cloak (worn)
 A - +1 swamp dragon scales (worn)
 N - a +2 buckler (worn)
 U - a +0 pair of gloves (worn)
Jewellery
 h - an uncursed ring of ice
 u - an amulet of reflection (around neck)
 D - an uncursed ring of wizardry
 H - a +4 ring of protection (right hand)
 O - a ring of protection from fire (left hand)
 P - an uncursed ring of magical power
 R - an uncursed ring of positive energy
 X - an uncursed ring of resist corrosion
 Y - an uncursed ring of magical power
Wands
 q - a wand of polymorph (5)
 y - a wand of flame (40)
 J - a wand of acid (26)
 S - a wand of enslavement (9)
Scrolls
 l - a scroll of silence
 o - 5 scrolls of identify
 r - a scroll of blinking
 s - a scroll of amnesia
 t - 9 scrolls of remove curse
 B - 5 scrolls of fear
 G - 7 scrolls of teleportation
 K - a scroll of vulnerability
 T - 5 scrolls of fog
Potions
 c - 4 potions of flight
 d - a potion of magic
 e - 4 potions of might
 g - 4 potions of invisibility
 j - 11 potions of curing
 m - a potion of cancellation
 n - 3 potions of haste
 w - 3 potions of heal wounds
 C - 5 potions of brilliance
 V - 3 potions of resistance
 Z - a potion of berserk rage
Miscellaneous
 k - a lightning rod (4/4)


   Skills:
 - Level 12.1 Fighting
 * Level 11.3 Long Blades
 - Level 8.5 Maces & Flails
 - Level 11.1 Armour
 - Level 9.1 Dodging
 - Level 6.2 Shields
 - Level 6.8 Spellcasting
 - Level 6.1 Conjurations
 - Level 11.9 Invocations


You had 25 spell levels left.
You knew the following spells:

 Your Spells              Type           Power        Failure   Level
a - Searing Ray           Conj           56%          2%          2

Your spell library contained the following spells:

 Spells                   Type           Power        Failure   Level
 Magic Dart               Conj           100%         1%          1
 Dazzling Flash           Conj/Hex       34%          17%         3
 Sting                    Tmut/Pois      24%          21%         1
 Mephitic Cloud           Conj/Pois/Air  13%          26%         3
 Passwall                 Tmut/Erth      5%           30%         2
 Poisonous Vapours        Pois/Air       12%          30%         2
 Swiftness                Air            6%           30%         2
 Fulminant Prism          Conj/Hex       8%           50%         4
 Iskenderun's Mystic Bla  Conj/Tloc      17%          50%         4
 Ignite Poison            Fire/Tmut/Pois 6%           52%         3
 Olgreb's Toxic Radiance  Pois           6%           89%         4
 Passage of Golubria      Tloc           N/A          89%         4
 Lee's Rapid Deconstruct  Erth           3%           99%         5
 Invisibility             Hex            6%           100%        6
 Chain Lightning          Conj/Air       8%           100%        8
 Lehudib's Crystal Spear  Conj/Erth      8%           100%        8
 Absolute Zero            Ice            3%           100%        9
 Fire Storm               Conj/Fire      8%           100%        9


Dungeon Overview and Level Annotations

Branches:
Dungeon (15/15)            Temple (0/1) D:5            Lair (6/6) D:10
 Shoals (0/4) Lair:3        Snake (0/4) Lair:4        Slime (0/5) Lair:6
    Orc (2/2) D:12         Vaults (0/5) D:13         Depths (0/5) D:15
    Elf: Orc:2

Altars:
Ashenzari
Elyvilon
Gozag
Hepliaklqana
Kikubaaqudgha
Makhleb
Nemelex Xobeh
Ru
Sif Muna
Vehumet
Wu Jian
Xom
Yredelemnul

Shops:
D:8 [   D:12 ([   D:15 *   Orc:2 ?

Annotations:
D:7 2 transporters, Menkaure
D:10 1 runed translucent door
Lair:3 exclusion: 3 oklob plants
Orc:1 3 runed translucent doors, exclusion: obsidian statue, dtburroughs's ghost, journeyman MiBe


Innate Abilities, Weirdness & Mutations

You have a pair of horns on your head.
You are mostly covered in rugged brown scales. (AC +2, +5% HP)
A demonic guardian rushes to your aid.
You sometimes gain a little power by taking damage.


Message History

* * * LOW HITPOINT WARNING * * *
The orc wizard mumbles some strange words.
The orc wizard blinks!
The deep troll bites you.
* * * LOW HITPOINT WARNING * * *
The deep troll claws you but does no damage.
The deep troll claws you!
* * * LOW HITPOINT WARNING * * *
The orc priest barely misses you.
You riposte.
You barely miss the orc priest.
Your smoke demon gestures at the ettin.
The ettin is smitten.
The two-headed ogre closely misses you.
You riposte.
You slash the two-headed ogre! You headbutt the two-headed ogre!
The two-headed ogre is heavily wounded.
The two-headed ogre hits you but does no damage.
The deep troll closely misses you.
You riposte.
You closely miss the deep troll. The deep troll closely misses you.
The deep troll claws you.
* * * LOW HITPOINT WARNING * * *
The ettin misses you.
The ettin hits you with a +0 dire flail!
You die...

............#..#
O...∩...#...#....
.................
.........Co......
....#............
.......O.....$...
#....3.§.......
#....COT.....#
.....#()@.....##
.........o)...#.#
.......o.........
.......3§§§§§§..#
.......§.........
.......§.........
.§...........##.#
.......§...... ##


You could see an ettin, a two-headed ogre, a deep troll, a cyclops, an ogre, 2
orc priests, an orc wizard (fast), a friendly sixfirhy (summoned) and a friendly
smoke demon (summoned).

Vanquished Creatures
  2 ice dragons (D:15)
  5 hydras
  2 boulder beetles
  2 catoblepae
  Erica (D:9)
  3 centaur warriors
  11 two-headed ogres
  9 death yaks
  Urug (Lair:4)
  2 unseen horrors
  A deep troll (Orc:1)
  2 orc knights (Orc:1)
  A mana viper (D:15)
  2 wolf spider zombies
  Pikel (D:4)
  A deep elf mage (D:13)
  An ugly thing (D:12)
  A salamander (D:15)
  5 elephants
  5 cyclopes
  Maurice (D:8)
  5 black mambas
  13 cane toads
  Maggie (Lair:2)
  A torpor snail (Lair:3)
  3 rime drakes
  2 efreet
  2 kobold demonologists (D:15)
  A redback zombie (D:15)
  13 komodo dragons
  11 trolls
  2 hornets
  6 polar bears
  A dream sheep (Lair:6)
  A harpy skeleton (D:15)
  13 blink frogs
  3 centaur simulacra (D:14)
  A vampire (D:13)
  A shadow (D:13)
  2 wraiths (D:10)
  48 yaks
  5 wyverns
  2 basilisks
  3 vampire mosquitoes (D:14)
  A harpy simulacrum (D:14)
  5 nagas
  19 water moccasins
  13 orc warriors
  3 black bears
  4 phantoms
  4 sky beasts
  7 ice beasts
  3 necrophages
  5 boggarts
  2 eyes of draining (D:8)
  18 ogres
  20 wolves
  28 centaurs
  2 big kobolds
  16 bullfrogs
  A wyvern zombie (D:8)
  6 jellies
  4 scorpions
  A wyvern skeleton (D:13)
  9 killer bees
  17 wights
  4 electric eels
  3 howler monkeys
  3 bullfrog zombies
  2 quasits
  10 hounds
  19 orc wizards
  A bullfrog skeleton (D:5)
  8 orc priests
  Crazy Yiuf (D:3)
  A gnoll shaman (D:4)
  4 centaur skeletons
  Ijyb (D:5)
  Natasha (twice) (D:4)
  3 iguanas
  A hell rat (D:10)
  13 worker ants
  A killer bee zombie (D:7)
  3 hound zombies
  7 gnolls
  13 adders
  2 river rats (D:10)
  A shadow imp (D:6)
  5 white imps
  4 ufetubi
  5 oozes
  An adder zombie (D:8)
  3 worms
  4 leopard geckos
  64 orcs
  9 bats
  8 giant cockroaches
  8 goblins
  9 hobgoblins
  8 jackals
  12 kobolds
  6 quokkas
  A ball python (D:1)
  5 frilled lizards
  13 rats
655 creatures vanquished.

Vanquished Creatures (collateral kills)
  Gastronok (D:10)
  2 ogre magi
  Fannar (Lair:1)
  A catoblepas (Lair:6)
  8 hydras
  3 centaur warriors
  3 two-headed ogres
  5 death yaks
  A deep troll shaman (Lair:6)
  2 orc sorcerers (Orc:1)
  A manticore (D:10)
  An oklob plant (Lair:3)
  3 elephants
  2 gargoyles
  A torpor snail (Lair:4)
  A cane toad (Lair:6)
  4 komodo dragons
  A kobold demonologist (D:15)
  A meliai (D:10)
  Prince Ribbit (D:5)
  10 blink frogs
  3 dream sheep (Lair:6)
  Sigmund (D:3)
  28 yaks
  A basilisk (Lair:5)
  A steam dragon (D:11)
  2 water moccasins (Lair:4)
  An orc warrior (Orc:1)
  3 ogres
  5 wolves
  3 centaurs
  A bullfrog (Lair:3)
  A big kobold (D:9)
  A wyvern zombie (D:8)
  A gnoll sergeant (D:10)
  2 wights
  An electric eel (D:10)
  2 howler monkeys (D:8)
  A quasit (D:10)
  A bullfrog skeleton (D:8)
  A howler monkey skeleton (D:9)
  An adder (D:10)
  An adder zombie (D:8)
  A worm (D:5)
  5 orcs
  3 kobolds (D:9)
124 creatures vanquished.

Vanquished Creatures (others)
  A naga mage (D:15)
  A sky beast (D:8)
  A boggart (D:15)
  A killer bee (D:9)
  3 orcs
  69 fungi
  67 plants
  2 withered plants (D:4)
145 creatures vanquished.

Grand Total: 924 creatures vanquished

Notes
Turn   | Place    | Note
-------+----------+-------------------------------------------
     0 | Abyss:1  | axecop the Demonspawn Abyssal Knight began the quest for
                  | the Orb.
     0 | Abyss:1  | Reached XP level 1. HP: 18/18 MP: 2/2
    17 | Abyss:1  | Found a corrupted altar of Lugonu.
    27 | D:1      | Escaped the Abyss
   458 | D:1      | Gained mutation: A weak demonic guardian rushes to your
                  | aid. [demonic ancestry]
   458 | D:1      | Reached XP level 2. HP: 23/24 MP: 4/4
  1529 | D:2      | Gained mutation: You are partially covered in rugged brown
                  | scales. (AC +1, +3% HP) [demonic ancestry]
  1529 | D:2      | Reached XP level 3. HP: 23/29 MP: 5/5
  1530 | D:2      | Reached ** piety under Lugonu
  2422 | D:3      | Gained mutation: You are mostly covered in rugged brown
                  | scales. (AC +2, +5% HP) [demonic ancestry]
  2422 | D:3      | Reached XP level 4. HP: 24/36 MP: 6/6
  2650 | D:3      | Noticed Sigmund
  2662 | D:3      | Killed Sigmund
  2663 | D:3      | Reached XP level 5. HP: 34/43 MP: 6/8
  3389 | D:3      | Found a runed translucent door.
  3390 | D:3      | Noticed Crazy Yiuf
  3424 | D:3      | Killed Crazy Yiuf
  3425 | D:3      | Reached skill level 5 in Invocations
  3592 | D:4      | Gained mutation: You have a pair of small horns on your
                  | head. [demonic ancestry]
  3592 | D:4      | Reached XP level 6. HP: 45/49 MP: 9/9
  3676 | D:4      | Reached skill level 5 in Maces & Flails
  3759 | D:4      | Reached *** piety under Lugonu
  3862 | D:4      | Found a basalt altar of Yredelemnul.
  3887 | D:4      | Noticed Natasha
  3896 | D:4      | Killed Natasha
  3897 | D:4      | Gained mutation: You have a pair of horns on your head.
                  | [demonic ancestry]
  3897 | D:4      | Reached XP level 7. HP: 52/54 MP: 11/11
  4004 | D:4      | Noticed Pikel
  4016 | D:4      | Killed Pikel
  4192 | D:4      | Noticed Natasha
  4350 | D:5      | Entered Level 5 of the Dungeon
  4386 | D:5      | Found a staircase to the Ecumenical Temple.
  4397 | D:5      | Gained mutation: You sometimes gain a little power by
                  | taking damage. [demonic ancestry]
  4397 | D:5      | Reached XP level 8. HP: 55/60 MP: 13/13
  4900 | D:5      | Noticed Prince Ribbit
  4918 | D:5      | Killed Prince Ribbit
  5176 | D:5      | Noticed Ijyb
  5198 | D:5      | Killed Ijyb
  5854 | D:6      | Reached XP level 9. HP: 65/68 MP: 15/15
  5997 | D:6      | Found an ornate altar of the Wu Jian Council.
  6003 | D:6      | Reached **** piety under Lugonu
  6178 | D:6      | Found a sparkling altar of Nemelex Xobeh.
  6614 | D:6      | Reached skill level 4 in Fighting
  6851 | D:6      | Found a shimmering altar of Xom.
  6855 | D:6      | Found a shimmering blue altar of Sif Muna.
  6859 | D:6      | Found an ornate altar of the Wu Jian Council.
  7581 | D:7      | Reached skill level 10 in Invocations
  7900 | D:7      | Reached skill level 5 in Fighting
  8184 | D:7      | Found an ancient bone altar of Kikubaaqudgha.
  8186 | D:7      | Noticed Menkaure
  8188 | D:7      | Found a basalt altar of Yredelemnul.
  8213 | D:7      | Found a transporter.
  8225 | D:7      | Found a transporter.
  8408 | D:7      | Found a radiant altar of Vehumet.
  8736 | D:8      | Found a hazy altar of Hepliaklqana.
  8916 | D:8      | Found a sacrificial altar of Ru.
  8995 | D:8      | Found a broken altar of Ashenzari.
  9322 | D:8      | Noticed a boulder beetle
  9346 | D:8      | Reached skill level 5 in Armour
  9371 | D:8      | Reached skill level 6 in Fighting
  9671 | D:8      | Killed a boulder beetle
  9672 | D:8      | Reached XP level 10. HP: 80/80 MP: 18/18
  9895 | D:9      | Noticed Erica
  9910 | D:9      | Killed Erica
 10108 | D:9      | Reached skill level 7 in Fighting
 10121 | D:9      | Reached ***** piety under Lugonu
 10876 | D:9      | Found a broken altar of Ashenzari.
 10901 | D:9      | Reached skill level 1 in Dodging
 11588 | D:8      | Noticed Maurice
 11601 | D:8      | Paralysed by something for 2 turns
 11621 | D:8      | Killed Maurice
 11667 | D:8      | Noticed a two-headed ogre
 11677 | D:8      | Killed a two-headed ogre
 11890 | D:8      | Reached skill level 8 in Fighting
 11949 | D:8      | Found Jiskuim's Antique Armour Shoppe.
 11956 | D:8      | Bought a glowing scarf for 232 gold pieces
 12424 | D:4      | Killed Natasha
 12837 | D:10     | Entered Level 10 of the Dungeon
 12967 | D:10     | Noticed a two-headed ogre
 12971 | D:10     | Killed a two-headed ogre
 12972 | D:10     | Gained mutation: A demonic guardian rushes to your aid.
                  | [demonic ancestry]
 12972 | D:10     | Reached XP level 11. HP: 90/90 MP: 19/19
 13326 | D:10     | Noticed a boulder beetle
 13333 | D:10     | Banished a boulder beetle
 13567 | D:10     | Noticed a four-headed hydra
 13574 | D:10     | Killed a four-headed hydra
 13584 | D:10     | Noticed a catoblepas
 13604 | D:10     | Killed a catoblepas
 13605 | D:10     | Reached skill level 9 in Fighting
 13869 | D:10     | Found a runed translucent door.
 13927 | D:10     | Found a staircase to the Lair.
 13928 | D:10     | Noticed a death yak
 13930 | D:10     | Noticed a death yak
 13936 | D:10     | Noticed a death yak
 13960 | D:10     | Killed a death yak
 13968 | D:10     | Killed a death yak
 13972 | D:10     | Killed a death yak
 13973 | D:10     | Reached skill level 5 in Dodging
 14165 | D:10     | Noticed a two-headed ogre
 14176 | D:10     | Killed a two-headed ogre
 14610 | D:10     | Noticed an eight-headed hydra
 14625 | D:10     | Reached skill level 1 in Shields
 14783 | D:10     | Killed an eight-headed hydra
 15467 | D:11     | Found a white marble altar of Elyvilon.
 15480 | D:11     | Reached XP level 12. HP: 68/101 MP: 20/20
 15503 | D:11     | Learned a level 2 spell: Searing Ray
 15686 | D:11     | Reached skill level 1 in Spellcasting
 15956 | D:11     | Reached skill level 10 in Fighting
 16258 | D:11     | Noticed a two-headed ogre
 16262 | D:11     | Killed a two-headed ogre
 16801 | Lair:1   | Entered Level 1 of the Lair of Beasts
 16801 | Lair:1   | Noticed Gastronok
 16814 | D:10     | Killed Gastronok
 17836 | Lair:1   | Noticed a six-headed hydra
 17844 | Lair:1   | Killed a six-headed hydra
 18123 | Lair:1   | Noticed Fannar
 18133 | Lair:1   | Killed Fannar
 18789 | Lair:2   | Noticed a six-headed hydra
 18799 | Lair:2   | Killed a six-headed hydra
 19267 | Lair:2   | Reached skill level 1 in Conjurations
 19273 | Lair:2   | Noticed a six-headed hydra
 19277 | Lair:2   | Killed a six-headed hydra
 19545 | Lair:2   | Reached XP level 13. HP: 76/110 MP: 21/21
 19840 | Lair:2   | Reached ****** piety under Lugonu
 20106 | Lair:2   | Reached skill level 10 in Armour
 20110 | Lair:2   | Got a dull robe
 20276 | Lair:2   | Noticed Maggie
 20295 | Lair:2   | Killed Maggie
 20296 | Lair:2   | Reached skill level 11 in Fighting
 21263 | Lair:3   | Reached skill level 5 in Shields
 22249 | Lair:3   | Reached skill level 5 in Spellcasting
 22353 | Lair:3   | Found a staircase to the Shoals.
 25118 | Lair:4   | Noticed Urug
 25136 | Lair:4   | Killed Urug
 26284 | Lair:4   | Found a staircase to the Snake Pit.
 26960 | Lair:5   | Reached XP level 14. HP: 108/119 MP: 22/22
 27027 | Lair:5   | Reached skill level 5 in Conjurations
 27906 | Lair:6   | Entered Level 6 of the Lair of Beasts
 29280 | Lair:6   | Reached skill level 12 in Fighting
 29955 | Lair:6   | Found a staircase to the Slime Pits.
 30858 | Lair:6   | Reached skill level 1 in Long Blades
 31852 | Lair:5   | Got a crystal war axe
 31873 | Lair:6   | Identified the +3 war axe "Pain" {vamp, +Rage} (You found
                  | it on level 5 of the Lair of Beasts)
 32223 | D:12     | Found Teithud's Armour Shoppe.
 32228 | D:12     | Found a staircase to the Orcish Mines.
 32232 | D:12     | Found Xeow's Weapon Shoppe.
 33208 | Orc:1    | Entered Level 1 of the Orcish Mines
 33255 | Orc:1    | Reached skill level 5 in Long Blades
 33393 | Orc:1    | Found a burning altar of Makhleb.
 34232 | D:13     | Found a gate to the Vaults.
 35046 | D:13     | Reached XP level 15. HP: 126/126 MP: 25/25
 36568 | D:15     | Entered Level 15 of the Dungeon
 37735 | D:15     | Found Ijyhoaz's Serpentskin Sales.
 38516 | D:15     | Bought 3 curare-tipped darts for 36 gold pieces
 38516 | D:15     | Bought 7 curare-tipped darts for 84 gold pieces
 39085 | D:15     | Found a staircase to the Depths.
 39392 | Orc:1    | Found a runed translucent gate.
 39392 | Orc:1    | Found a runed translucent gate.
 39392 | Orc:1    | Found a runed translucent gate.
 39393 | Orc:1    | Found an opulent altar of Gozag.
 39398 | Orc:1    | Noticed dtburroughs's ghost (journeyman MiBe)
 39527 | Orc:2    | Entered Level 2 of the Orcish Mines
 39527 | Orc:2    | Found Leno Rao's Magic Scroll Shop.
 39539 | Orc:1    | Reached skill level 10 in Long Blades
 40917 | Orc:2    | Paralysed by an ogre mage for 6 turns
 41275 | Orc:2    | Slain by an ettin

Illustrated notes

Levels and vault maps discovered:
D:1:      lemuel_arrival_broad_hall, layout_basic
D:2:      layout_rooms, minmay_misc_feat_ornament
D:3:      layout_basic, minmay_misc_feat_hallway, uniq_sigmund,
          uniq_crazy_yiuf_cottage
D:4:      layout_basic, serial_aquarium, aquarium_bridge_long_separate
          [aquarium_subvault_bridge, aquarium_subvault_bridge,
          aquarium_subvault_window, aquarium_subvault_balcony,
          aquarium_subvault_balcony, aquarium_subvault_bridge],
          aquarium_bridge_square [aquarium_subvault_bridge,
          aquarium_subvault_balcony, aquarium_subvault_wall,
          aquarium_subvault_window], aquarium_window_fake, aquarium_window_2,
          aquarium_window_2, aquarium_view_2a, aquarium_view_2d,
          aquarium_pool_double, chequers_serial_rivers_room_b,
          yredelemnul_altar_generic, uniq_natasha, uniq_pikel
D:5:      layout_basic, minmay_temple_entry_junction, uniq_ijyb,
          uniq_prince_ribbit1
D:6:      layout_loops_ring, grunt_temple_overflow_diamond,
          nemelex_xobeh_ov_fountains_minmay, basic_altar, serial_rivers,
          chequers_serial_rivers_micro_e, chequers_serial_rivers_large_a,
          chequers_serial_rivers_micro_b, chequers_serial_rivers_large_b,
          chequers_serial_rivers_micro_a
D:7:      layout_loops_ring, kennysheep_mini, gammafunk_temple_of_torment
D:8:      minmay_klotski, layout_gridville, nzn_hepliaklqana_mist_gate,
          serial_shops, shop, basic_altar, nicolae_ru_awakened_eye, uniq_maurice
D:9:      layout_loops_ring, nicolae_ashenzari_panopticon, uniq_erica
D:10:     minmay_the_grid_triangle_9x9_rhombus_thin_mashed
          [minmay_the_grid_triangle_9x9_subtriangle,
          minmay_the_grid_triangle_9x9_prize_top_heavy,
          minmay_the_grid_triangle_9x9_longest,
          minmay_the_grid_triangle_9x9_sparse_checkered], layout_basic,
          dpeg_lair_monsters
D:11:     kennysheep_six_static_rooms, layout_cave_pools, basic_altar,
          minmay_strange_pillars
D:12:     layout_roguey, orc_david_3, serial_glass, glass_columns_c,
          glass_columns_b, kennysheep_boxes
D:13:     layout_irregular_city, david_vaults_1
D:14:     layout_cave_pods, serial_ice, serial_ice_n, serial_ice_b,
          serial_ice_a, serial_ice_e, infiniplex_staircase_pool_2
D:15:     grunt_enter_depths_hoard, layout_loops_corners,
          hangedman_abyss_or_decor_stabs, serial_bayou_pond_e,
          guppyfry_shop_venom
Lair:1:   layout_long_grid, beast_lair_carwin_3, grunt_megastairs_2,
          uniq_fannar, uniq_gastronok
Lair:2:   layout_cave_pods, serial_rivers, chequers_serial_rivers_micro_a,
          chequers_serial_rivers_small_3, chequers_serial_rivers_micro_e,
          chequers_serial_rivers_small_3, chequers_serial_rivers_small_3,
          chequers_serial_rivers_small_a, serial_bayou_shore_b, uniq_maggie
Lair:3:   layout_chaotic_city, elwin_shoals_entry_rocks, beast_lair_carwin_4,
          minmay_lair_oklob_chamber
Lair:4:   layout_cave_pods, minmay_snake_entry_guardpost_medium,
          serial_bayou_shore_a, uniq_urug
Lair:5:   layout_cave_pods
Lair:6:   grunt_lair_end_beastmaster, layout_small_grid,
          nicolae_slime_entry_slimehenge, nicolae_quartered_pool_medium
Orc:1:    layout_diamond_mine, basic_altar, ebering_ghost_gozag, serial_shops,
          nicolae_shop_stone, lemuel_statue_altar
Orc:2:    st_orc_open, layout_caves, gammafunk_ghost_cemetery, serial_shops,
          shop

Skill      XL: |  1  2  3  4  5  6  7  8  9 10 11 12 13 14 15 |
---------------+----------------------------------------------+-----
Maces & Flails | 2 3 4 5 7 8 |  8.5
Invocations    | 3 4 5 7 9 11 | 11.9
Armour         | 2 5 7 8 9 10 11 | 11.1
Fighting       | 6 8 9 10 11 12 | 12.1
Dodging        | 3 5 7 8 9 |  9.1
Shields        | 1 4 5 6 |  6.2
Spellcasting   | 4 5 6 |  6.8
Conjurations   | 1 4 6 |  6.1
Long Blades    | 7 11 | 11.3

Action                   |  1- 3 |  4- 6 |  7- 9 | 10-12 | 13-15 || total
-------------------------+-------+-------+-------+-------+-------++-------
Melee: Mace              |   130 |   123 |   366 |   164 |    21 ||   804
       Headbutt          |       |     8 |    48 |   115 |   360 ||   531
       Dire flail        |       |       |       |   437 |   828 ||  1265
       Double sword      |       |       |       |       |   741 ||   741
       Scimitar          |       |       |       |       |     1 ||     1
 Fire: Hunting sling     |       |    18 |       |       |       ||    18
Throw: Dart              |       |     3 |     3 |     1 |       ||     7
 Cast: Searing Ray       |       |       |       |       |     2 ||     2
Invok: Bend Space        |       |       |     5 |     2 |    11 ||    18
       Banish            |       |       |       |     4 |       ||     4
Evoke: Wand              |       |       |     2 |    14 |       ||    16
       Lightning rod     |       |       |       |       |     2 ||     2
  Use: Potion            |       |     1 |       |     4 |     5 ||    10
       Scroll            |       |    10 |       |     9 |    14 ||    33
 Stab: Distracted        |       |       |     1 |     4 |     7 ||    12
       Paralysed         |       |       |       |     6 |       ||     6
Armor: Leather armour    |    75 |    58 |   161 |    56 |       ||   350
       Ring mail         |       |       |       |   153 |    17 ||   170
       Swamp dragon scal |       |       |       |       |   770 ||   770
Dodge: Dodged            |   106 |    76 |   252 |   339 |  1249 ||  2022
Block: Other             |    37 |    37 |   101 |   128 |   215 ||   518
       Reflection        |       |     1 |     4 |     4 |    28 ||    37
       Buckler           |       |       |       |       |   661 ||   661
       Rpst.: Double sword |       |       |       |       |   150 ||   150
